AoeStats
← ajanderson120

Black Forest

508559417Analyzed
4v4 RM · 11d ago on Sep 23, 2026· 66m 43s· 8 players
Game mode
Random Map
Map size
Large (8 player)
Population
200
Speed
Normal
Resources
Standard
Victory
Conquest
Starting age
Dark Age
Ending age
Imperial Age
RankedLock teamsTeams togetherTeam positionsShared explorationLock speedFull tech treeHidden civsTurbo modeCheats
Victory
Defeat
🇺🇸 Danes · United States
1342
+14
🇲🇽 Spanish · Mexico
1277
+16
🇺🇸 Koreans · United States
1240
+18
🇲🇽 Persians · Mexico
1165
+20
🇲🇽 Saxons · Mexico
1377
-21
🇲🇽 Gurjaras · Mexico
1324
-19
🇨🇴 Persians · Colombia
1212
-14
🇲🇽 Danes · Mexico
1206
-14
El Mexa S
1:18 Loom
9:22 Feudal Age
10:37 Double-Bit Axe
13:06 Fletching
14:52 Horse Collar
20:24 Castle Age
19:29 Gold Mining
21:02 Bodkin Arrow
21:22 Crossbowman
24:05 Padded Archer Armor
26:19 Ballistics
32:43 Imperial Age
34:29 Bracer
36:34 Town Watch
42:18 Heavy Plow
42:50 Bow Saw
44:00 Wheelbarrow
44:22 Forging
44:22 Pikeman
45:03 Squires
46:03 Iron Casting
46:31 Two-Man Saw
45:45 Scale Mail Armor
45:16 Halberdier
HK El Primo
2:37 Loom
11:03 Feudal Age
14:40 Castle Age
12:41 Horse Collar
18:51 Heavy Plow
18:37 Double-Bit Axe
26:18 Bow Saw
34:05 Imperial Age
32:17 Fletching
32:49 Ballistics
32:37 Gold Mining
33:08 Bodkin Arrow
33:39 Scale Barding Armor
34:16 Elite Elephant Archer
34:57 Bracer
35:58 Chemistry
35:34 Thumb Ring
35:45 Forging
35:56 Chain Barding Armor
35:37 Padded Archer Armor
37:27 Iron Casting
37:19 Elite Elephant Archer
38:33 Bloodlines
38:24 Husbandry
39:01 Plate Barding Armor
39:56 Light Cavalry
42:07 Crop Rotation
45:42 Caravan
46:20 Hussar
47:02 Scale Mail Armor
AM | Popeyin
3:16 Loom
11:31 Feudal Age
18:56 Castle Age
17:06 Horse Collar
17:18 Gold Mining
17:21 Double-Bit Axe
19:48 Heavy Plow
20:01 Bow Saw
20:32 Gold Shaft Mining
21:31 Stone Mining
22:23 Wheelbarrow
23:07 Stone Shaft Mining
24:32 Hand Cart
33:22 Imperial Age
34:57 Gambesons
35:14 Squires
34:59 Arson
34:36 Elite Varangian Guard
36:23 Conscription
35:31 Hamask
35:39 Elite Jomsviking
37:02 Scale Mail Armor
37:13 Forging
38:43 Chain Mail Armor
38:51 Pikeman
39:58 Conscription
39:00 Hamask
39:02 Elite Jomsviking
39:56 Halberdier
41:20 Plate Mail Armor
41:26 Iron Casting
50:04 Blast Furnace
48:47 Northmen's Fury
AM | Rick2
11:13 Feudal Age
15:25 Castle Age
13:53 Double-Bit Axe
15:07 Fishing Lines
16:11 Bow Saw
18:53 Gillnets
19:23 Horse Collar
23:25 Wheelbarrow
24:53 Hand Cart
28:59 Imperial Age
27:23 Heavy Plow
27:15 Gold Mining
27:40 Scale Barding Armor
27:46 Forging
28:50 Bloodlines
28:41 Husbandry
29:02 Chain Barding Armor
28:39 Cavalier
30:05 Iron Casting
30:02 Stone Mining
31:24 Two-Man Saw
30:56 Crop Rotation
30:40 Savar
33:18 Blast Furnace
33:27 Plate Barding Armor
35:38 Conscription
37:04 Chemistry
38:42 Gold Shaft Mining
38:43 Stone Shaft Mining
39:49 Hoardings
38:45 Sappers
39:51 Caravan
40:24 Coinage
42:07 Light Cavalry
44:32 Banking
44:14 Guilds
44:00 Hussar
45:13 Elite War Elephant
55:51 Kamandaran
55:56 Fletching
56:06 Padded Archer Armor
55:57 Crossbowman
56:34 Bodkin Arrow
56:54 Thumb Ring
57:29 Ballistics
ajanderson120
0:59 Loom
11:23 Feudal Age
18:15 Castle Age
16:33 Gold Mining
17:09 Double-Bit Axe
20:17 Stone Mining
21:46 Bow Saw
22:31 Horse Collar
23:06 Fletching
33:32 Town Watch
34:23 Wheelbarrow
37:39 Imperial Age
35:40 Thumb Ring
34:55 Crossbowman
35:49 Eupseong
36:15 Ballistics
35:57 Treadmill Crane
36:50 Hand Cart
36:10 Crossbowman
37:14 Bodkin Arrow
38:37 Arbalester
39:46 Conscription
40:31 Chemistry
39:24 Arrowslits
40:49 Gold Shaft Mining
40:51 Stone Shaft Mining
40:27 Elite Skirmisher
41:35 Bracer
41:35 Scale Mail Armor
41:42 Murder Holes
41:58 Masonry
43:39 Two-Man Saw
44:24 Architecture
44:00 Siege Engineers
44:16 Chain Mail Armor
44:12 Forging
44:24 Caravan
44:26 Heavy Plow
46:15 Guilds
orlandgw
1:14 Loom
10:56 Feudal Age
15:58 Loom
18:15 Castle Age
18:11 Double-Bit Axe
18:08 Horse Collar
21:10 Bow Saw
22:56 Wheelbarrow
23:07 Stone Mining
23:15 Fishing Lines
24:37 Stone Shaft Mining
24:36 Heavy Plow
25:01 Hand Cart
25:16 Gillnets
25:54 Forging
25:43 Gold Mining
26:05 Loom
26:28 Town Watch
28:32 Gold Shaft Mining
29:40 Iron Casting
29:47 Fletching
29:56 Murder Holes
31:25 Town Patrol
34:44 Imperial Age
32:17 Bodkin Arrow
33:02 Ballistics
33:57 Bloodlines
33:48 Husbandry
33:55 Husbandry
34:27 Devotion
35:39 Crop Rotation
36:11 Two-Man Saw
36:13 Blast Furnace
35:19 Scale Barding Armor
35:47 Conscription
35:10 Cavalier
36:21 Citadels
35:58 Heavy Camel Rider
37:09 Citadels
36:36 Capped Ram
39:08 Chemistry
38:52 Chain Barding Armor
39:39 Masonry
39:42 Caravan
41:19 Plate Barding Armor
40:27 Savar
42:19 Hoardings
41:55 Citadels
41:25 Savar
42:44 Elite War Elephant
44:10 Architecture
el_Feist
11:28 Feudal Age
12:25 Double-Bit Axe
15:12 Castle Age
15:56 Wheelbarrow
15:23 Fishing Lines
16:18 Bow Saw
19:20 Gillnets
20:25 Horse Collar
23:54 Gold Mining
24:22 Hand Cart
24:55 Heavy Plow
27:12 Gold Shaft Mining
26:39 Loom
26:39 Town Watch
29:54 Imperial Age
28:22 Scale Mail Armor
28:33 Forging
28:34 Stone Mining
28:34 Pikeman
29:15 Squires
29:35 Chain Mail Armor
29:58 Masonry
30:03 Onager
30:54 Siege Engineers
32:22 Chemistry
31:53 Northmen's Fury
33:15 Plate Mail Armor
32:16 Capped Ram
32:42 Elite Varangian Guard
34:45 Iron Casting
34:09 Halberdier
34:35 Arson
35:31 Hoardings
35:17 Conscription
36:17 Siege Ram
38:37 Blast Furnace
40:15 Siege Onager
41:07 Fletching
41:18 Padded Archer Armor
41:30 Hamask
41:59 Gambesons
41:35 Man-at-Arms
43:48 Bodkin Arrow
43:50 Murder Holes
44:16 Ballistics
45:10 Caravan
53:53 Elite Jomsviking
57:03 Bracer
57:18 Leather Archer Armor
57:09 Scale Barding Armor
RedKing
2:27 Loom
11:09 Feudal Age
16:47 Castle Age
15:05 Double-Bit Axe
17:52 Bow Saw
17:24 Horse Collar
17:35 Gold Mining
17:56 Town Watch
20:24 Padded Archer Armor
23:07 Forging
23:33 Wheelbarrow
26:56 Fletching
33:42 Leather Archer Armor
34:58 Bodkin Arrow
36:01 Stone Mining
37:50 Forging
37:57 Hand Cart
38:04 Scale Barding Armor
40:18 Iron Casting
42:17 Imperial Age
42:24 Imperial Age
40:07 Pikeman
40:48 Squires
40:33 Gambesons
41:40 Scale Mail Armor
41:55 Arson
43:12 Chain Mail Armor
42:59 Halberdier
45:59 Plate Mail Armor
52:58 Blast Furnace
52:16 Heavy Plow
54:41 Bracer
56:24 Two-Man Saw
58:36 Ring Archer Armor
59:03 Onager
60:08 Ballistics
59:59 Fortified Wall
59:44 Murder Holes
61:06 Conscription
61:11 Supremacy
61:29 Hoardings
61:04 Caravan
61:04 Sappers
Connection lost

Rejoining the realm…

Still unreachable

The connection could not be restored.

Session expired

The server has moved on; the page needs a fresh start.